 Dungeon Crawl Stone Soup version 0.24-a0-584-g9d6b971 (webtiles) character file.

Game seed: 1017378686912642317, levelgen mode: deterministic

2447 Dorkslayer the Covert (level 9, -7/66 HPs)
             Began as an Octopode Fighter on Sept 2, 2019.
             Was an Initiate of Dithmenos.
             Mangled by an orc warrior
             ... wielding a +0 short sword
              (13 damage)
             ... on level 6 of the Dungeon on Sept 3, 2019.
             The game lasted 00:23:47 (4633 turns).

Dorkslayer the Covert (Octopode Fighter)            Turns: 4633, Time: 00:23:48

Health: -7/66      AC:  1    Str: 18    XL:     9   Next: 49%
Magic:  15/15      EV: 14    Int: 10    God:    Dithmenos [......]
Gold:   368        SH: 10    Dex: 12    Spells: 16/16 levels left

rFire    . . .     SeeInvis .   a - +0 long sword
rCold    . . .     Gourm    .   b - +0 shield
rNeg     . . .     Faith    .   (helmet restricted)
rPois    .         Spirit   .   g - amulet of magic regeneration
rElec    .         Reflect  .   w - ring of wizardry
rCorr    .         Harm     .   (no ring)
MR       .....                  (no ring)
Stlth    +++++.....             (no ring)
HPRegen  0.21/turn              (no ring)
MPRegen  0.39/turn              (no ring)
                                (no ring)
                                (no ring)

@: hasted, very quick
A: almost no armour, stealthy swim, amphibious, 8 rings, constrict 8, camouflage
1, gelatinous body 1
a: Renounce Religion


You were on level 6 of the Dungeon.
You worshipped Dithmenos.
Dithmenos was noncommittal.
You were not hungry.

You visited 2 branches of the dungeon, and saw 7 of its levels.
You also visited: Sewer.

You collected 368 gold pieces.

Inventory:

Hand Weapons
 a - a +0 long sword (weapon)
 n - a +2 dagger of venom
Missiles
 r - 53 poisoned darts (quivered)
 v - 7 javelins
Armour
 b - a +0 shield (worn)
Jewellery
 g - an amulet of magic regeneration (around mantle)
 w - a ring of wizardry (left tentacle)
Wands
 e - a wand of flame (2)
 s - a wand of disintegration (8)
 u - a wand of random effects (22)
 B - a wand of iceblast (11)
Scrolls
 f - a scroll of random uselessness {unknown}
 i - 2 scrolls of remove curse
 m - a scroll of fear
 p - 4 scrolls of teleportation
 q - 2 scrolls of enchant weapon {unknown}
 t - a scroll of enchant armour {unknown}
 x - 2 scrolls of identify
 y - 4 scrolls of amnesia {unknown}
Potions
 c - 4 potions of curing
 h - 2 potions of mutation
 j - 2 potions of heal wounds {unknown}
 l - a potion of cancellation
 o - 2 potions of flight
 A - a potion of invisibility {unknown}
Comestibles
 d - 7 rations
 z - 9 chunks of flesh


   Skills:
 * Level 7.9 Fighting
 + Level 4.0(5.8) Short Blades
 + Level 6.6(7.1) Long Blades
 + Level 4.5 Throwing
 + Level 5.8 Dodging
 + Level 8.0 Stealth
 + Level 5.8 Shields
 + Level 4.3 Spellcasting
 * Level 1.3 Invocations
 * Level 2.3 Evocations


You had 16 spell levels left.
You didn't know any spells.
Your spell library contained the following spells:

 Spells                   Type           Power        Failure   Level  Hunger
 Shock                    Conj/Air       #...         30%         1    #......
 Swiftness                Chrm/Air       #.......     41%         2    ##.....
 Static Discharge         Conj/Air       #.......     65%         3    ###....
 Airstrike                Air            #.........   95%         4    #####..
 Lightning Bolt           Conj/Air       #.........   100%        5    ######.


Dungeon Overview and Level Annotations

Branches:
Dungeon (6/15)             Temple (1/1) D:4           Sewer (visited)

Altars:
Ashenzari
Cheibriados
Dithmenos
Fedhas
Gozag
Hepliaklqana
Kikubaaqudgha
Nemelex Xobeh
Qazlal
Sif Muna
Trog
Uskayaw
Vehumet
Wu Jian
Xom
Yredelemnul
Zin
The Shining One


Innate Abilities, Weirdness & Mutations

You cannot wear most types of armour.
You are very stealthy in the water. (Stealth+)
You are amphibious.
You can wear up to eight rings at the same time.
You can use your tentacles to constrict eight enemies at once.
Your skin changes colour to match your surroundings (Stealth+).
Your rubbery body absorbs attacks. (AC +1, EV +1)


Message History

The orc priest hits you with a +0 short sword.
You hit the orc priest but do no damage.
You squeeze the orc priest!
The orc priest is severely wounded.
You constrict the orc warrior, but do no damage.
You constrict the orc priest.
You kill the orc priest!
Dithmenos accepts your kill. The orc warrior closely misses you.
You release your grip on the orc warrior.
The orc warrior hits you with a +0 short sword!
* * * LOW HITPOINT WARNING * * *
The orc priest calls upon Beogh to heal the orc warrior.
The orc warrior is healed somewhat.
You feel yourself speed up.
The orc priest invokes the aid of Beogh against you.
Beogh smites you!
* * * LOW HITPOINT WARNING * * *
The orc warrior hits you with a +0 short sword!
You die...

......####.#....## ....###
#.#.#(.## .# ...##
#.#.......... #.##
#.###..###.## #.##
#.###..# o# ...##
#.##...## .### ....##
#.....).##.o. .....##
##.......#o#
......####..<^..@o).##
......(..'.......o........
###...####.........####...
##.## ##.......## . #.#
##.....## #.# ##...## #.#
##+## ..# ###


You could see an orc warrior and 2 orc priests.

Vanquished Creatures
  A hippogriff (D:6)
  Sigmund (D:2)
  Edmund (D:4)
  Menkaure (D:4)
  A sky beast (D:5)
  A phantom (D:6)
  An ogre (D:5)
  A big kobold (Sewer)
  3 scorpions
  2 electric eels (D:3)
  A centaur zombie (D:6)
  A bullfrog skeleton (D:6)
  A hound (D:5)
  3 orc priests
  A gnoll shaman (D:4)
  7 orc wizards
  An iguana (D:5)
  Ijyb (D:4)
  5 worker ants
  2 hound skeletons
  6 adders
  11 gnolls
  A river rat (Sewer)
  An ooze (D:2)
  An adder skeleton (D:4)
  A dart slug (D:1)
  A worm (D:2)
  4 leopard geckos
  22 orcs
  A ball python (D:3)
  A giant cockroach (D:2)
  4 goblins
  3 hobgoblins
  6 jackals
  A quokka (D:3)
  7 bats
  A frilled lizard (D:1)
  A jackal skeleton (D:5)
  8 kobolds
  6 rats
123 creatures vanquished.

Notes
Turn   | Place    | Note
-------+----------+-------------------------------------------
     0 | D:1      | Dorkslayer the Octopode Fighter began the quest for the
                  | Orb.
     0 | D:1      | Reached XP level 1. HP: 16/16 MP: 1/1
   355 | D:1      | Reached XP level 2. HP: 12/21 MP: 2/2
   618 | D:1      | Reached skill level 1 in Stealth
   937 | D:2      | Reached XP level 3. HP: 23/26 MP: 3/3
  1267 | D:2      | Noticed Sigmund
  1276 | D:2      | Killed Sigmund
  1276 | D:2      | Reached skill level 3 in Stealth
  1276 | D:2      | Reached skill level 1 in Spellcasting
  1276 | D:2      | Reached XP level 4. HP: 33/33 MP: 4/6
  1276 | D:2      | Reached XP level 5. HP: 37/37 MP: 4/7
  1277 | D:2      | Reached XP level 6. HP: 43/43 MP: 4/8
  1649 | D:3      | Found a glowing drain.
  1653 | Sewer    | Entered a sewer
  1823 | Sewer    | Reached skill level 4 in Stealth
  1845 | Sewer    | Found a white marble altar of Elyvilon.
  2014 | D:3      | Found a transporter.
  2153 | D:3      | Reached XP level 7. HP: 15/49 MP: 10/10
  2220 | D:3      | Reached skill level 5 in Long Blades
  2220 | D:3      | Reached skill level 5 in Dodging
  2220 | D:3      | Reached skill level 7 in Stealth
  2220 | D:3      | Reached skill level 5 in Shields
  2220 | D:3      | Reached XP level 8. HP: 32/60 MP: 10/14
  2297 | D:3      | Found a transporter.
  2811 | D:4      | Noticed Edmund
  2822 | D:4      | Killed Edmund
  2969 | D:4      | Noticed Menkaure
  2976 | D:4      | Killed Menkaure
  2976 | D:4      | Reached skill level 1 in Evocations
  2981 | D:4      | Found a staircase to the Ecumenical Temple.
  3006 | Temple   | Entered the Ecumenical Temple
  3059 | Temple   | Became a worshipper of Dithmenos the Shadowed
  3321 | D:4      | Noticed Ijyb
  3335 | D:4      | Killed Ijyb
  3598 | D:5      | Entered Level 5 of the Dungeon
  3623 | D:5      | Reached XP level 9. HP: 44/65 MP: 15/15
  4498 | D:6      | Reached skill level 1 in Invocations
  4531 | D:6      | Reached skill level 8 in Stealth
  4633 | D:6      | Mangled by an orc warrior

Levels and vault maps discovered:
D:1:      dpeg_arrival_radiant, layout_loops_cross, minmay_hexomino_f4
D:2:      layout_rooms, kennysheep_generic_room_7, uniq_sigmund
D:3:      gammafunk_steamed_eel, layout_loops_ring, gup_sewer_entry_bowl,
          minmay_ruptured
D:4:      layout_gridville, minmay_temple_entry_drinking_statues, uniq_edmund,
          uniq_menkaure, uniq_ijyb
D:5:      layout_basic, first_ration
D:6:      layout_loops_corners
Temple:   compressed_dpeg_triangle_lava_temple

Skill      XL: |  1  2  3  4  5  6  7  8  9 |
---------------+----------------------------+-----
Stealth        | 1 3 4 7 8 |  8.0
Fighting       | 4 7 |  7.9
Long Blades    | 3 5 6 |  6.6
Spellcasting   | 1 2 4 |  4.3
Short Blades   | 4 |  4.0
Throwing       | 4 |  4.5
Dodging        | 5 |  5.8
Shields        | 5 |  5.8
Evocations     | 1 2 |  2.3
Invocations    | 1 |  1.3

Action                   |  1- 3 |  4- 6 |  7- 9 || total
-------------------------+-------+-------+-------++-------
Melee: Long sword        |    38 |    65 |   149 ||   252
       Constrict         |    14 |    21 |    41 ||    76
       Tentacles         |     3 |    12 |    47 ||    62
Throw: Dart              |       |       |    53 ||    53
Evoke: Wand              |       |       |     7 ||     7
  Use: Scroll            |     3 |       |     8 ||    11
       Potion            |     2 |       |     3 ||     5
 Stab: Sleeping          |     2 |     5 |     7 ||    14
       Distracted        |     1 |       |       ||     1
  Eat: Chunk             |     1 |     3 |     8 ||    12
Armor: Skin              |     2 |     3 |     2 ||     7
Dodge: Dodged            |    18 |    27 |    69 ||   114
Block: Shield            |    17 |    33 |    62 ||   112
       Rpst.: Long sword |     8 |    10 |    19 ||    37

Table legend:
 A = Non-vault XP
 B = Vault XP
 C = Vault XP percentage of total XP
 D = Non-vault monster count
 E = Vault monster count
 F = Vault count percentage of total count
                 A         B        C        D         E       F
            +---------+---------+-------+---------+---------+-------
      Total |    2040 |     871 |  29.9 |      96 |      27 |  22.0
            +---------+---------+-------+---------+---------+-------
        D:1 |      27 |       4 |  12.9 |      15 |       3 |  16.7
        D:2 |      59 |     240 |  80.3 |       9 |       2 |  18.2
        D:3 |     165 |     131 |  44.3 |      17 |      10 |  37.0
        D:4 |     442 |     374 |  45.8 |      23 |       3 |  11.5
        D:5 |     696 |       0 |   0.0 |      19 |       0 |   0.0
        D:6 |     651 |       0 |   0.0 |      13 |       0 |   0.0
      Sewer |       0 |     122 | 100.0 |       0 |       9 | 100.0
            +---------+---------+-------+---------+---------+-------
